AoeStats
← Quaresma

Black Forest

509721651Analyzed
2v2 RM · 4d ago on Sep 27, 2026· 54m 37s· 4 players
Game mode
Random Map
Map size
Medium (4 player)
Population
200
Speed
Normal
Resources
Standard
Victory
Conquest
Starting age
Dark Age
Ending age
Imperial Age
RankedLock teamsTeams togetherTeam positionsShared explorationLock speedFull tech treeHidden civsTurbo modeCheats
Victory
Defeat
🇹🇷 Spanish · Türkiye
1014
+15
🇫🇷 Bulgarians · France
984
+17
🇨🇿 Bohemians · Czechia
999
-16
🇨🇿 Saracens · Czechia
997
-16
<<<-PATRIOT->>>
0:32 Loom
13:05 Feudal Age
14:39 Wheelbarrow
19:51 Town Watch
19:54 Double-Bit Axe
27:39 Castle Age
29:27 Bow Saw
29:01 Horse Collar
30:42 Hand Cart
30:31 Town Patrol
35:28 Fortified Wall
36:18 Chemistry
35:52 Fervor
36:03 Sanctity
39:29 Ballistics
43:31 Imperial Age
43:49 Houfnice
46:00 Siege Engineers
45:50 Murder Holes
48:44 Caravan
48:13 Pikeman
48:54 Squires
48:39 Arson
xronin159
0:41 Loom
15:53 Feudal Age
29:00 Castle Age
27:20 Double-Bit Axe
27:20 Horse Collar
27:33 Stone Mining
27:39 Gold Mining
34:56 Bow Saw
39:54 Imperial Age
39:28 Wheelbarrow
41:31 Conscription
40:37 Elite Mameluke
41:33 Fortified Wall
41:46 Forging
43:00 Onager
45:48 Chemistry
44:56 Siege Engineers
46:05 Two-Man Saw
46:05 Hand Cart
45:36 Town Watch
48:51 Scale Barding Armor
50:43 Chain Barding Armor
53:48 Iron Casting
Quaresma
1:42 Loom
27:21 Feudal Age
33:38 Castle Age
33:39 Scale Barding Armor
33:45 Forging
33:30 Gold Mining
33:33 Stone Mining
33:31 Horse Collar
39:36 Double-Bit Axe
40:29 Husbandry
46:10 Heavy Plow
51:52 Light Cavalry
55:15 Chain Barding Armor
fabulous-crumb
5:05 Loom
7:40 Loom
11:44 Feudal Age
17:53 Castle Age
16:05 Double-Bit Axe
16:28 Horse Collar
20:20 Heavy Plow
20:45 Bow Saw
25:47 Wheelbarrow
25:12 Pikeman
27:26 Gold Mining
27:58 Forging
28:28 Scale Barding Armor
30:51 Hand Cart
30:33 Gambesons
31:28 Iron Casting
31:13 Chain Barding Armor
30:54 Scale Mail Armor
30:52 Town Watch
32:26 Squires
34:26 Chain Mail Armor
34:50 Gold Shaft Mining
34:54 Town Patrol
38:30 Imperial Age
36:30 Stone Mining
38:34 Capped Ram
39:38 Ballistics
39:27 Siege Engineers
38:54 Elite Konnik
39:30 Stirrups
39:59 Conscription
40:42 Blast Furnace
40:12 Plate Mail Armor
40:18 Plate Barding Armor
40:35 Crop Rotation
39:38 Siege Ram
41:07 Onager
43:38 Stone Shaft Mining
43:14 Caravan
Connection lost

Rejoining the realm…

Still unreachable

The connection could not be restored.

Session expired

The server has moved on; the page needs a fresh start.